 Dungeon Crawl Stone Soup version 0.29.1-15-g9cfb28693d (webtiles) character file.

Game seed: 6993696626275078868

168 booth the Grave Robber (level 5, -10/35 HPs)
             Began as a Demonspawn Necromancer on Mar 2, 2023.
             Mangled by an ogre
             ... wielding a +0 giant club
              (33 damage)
             ... on level 5 of the Dungeon.
             The game lasted 00:35:58 (4884 turns).

booth the Grave Robber (Demonspawn Necromancer)     Turns: 4884, Time: 00:35:58

Health: -10/35     AC:  8    Str: 11 (12) XL:     5   Next: 23%
Magic:  6/9        EV: 12    Int: 21 (23) God:
Gold:   200        SH:  0    Dex: 11 (14) Spells: 3/9 levels left

rFire   . . .      SeeInvis .   g - +0 mace
rCold   . . .      Faith    .   (no shield)
rNeg    + . .      Spirit   .   a - +0 robe
rPois   .          Reflect  .   (no helmet)
rElec   .          Harm     .   l - +0 cloak
rCorr   .          Rampage  .   o - +1 pair of gloves
Will    .....                   (no boots)
Stlth   ++........              B - amulet of magic regeneration
HPRegen 0.11/turn               m - ring of positive energy
MPRegen 0.51/turn               z - ring "Kiotee" {Wiz Str+4 Int+5}

@: no status effects
A: hooves 1, molten scales 2
a: no special abilities


You were on level 5 of the Dungeon.
You visited 2 branches of the dungeon, and saw 6 of its levels.

You collected 200 gold pieces.

Inventory:

Hand Weapons
 g - a +0 mace (weapon)
Missiles
 f - 4 poisoned darts (quivered)
 p - 6 boomerangs
Armour
 a - a +0 robe (worn)
 j - a +0 leather armour
 l - a +0 cloak (worn)
 o - a +1 pair of gloves (worn)
Jewellery
 m - a ring of positive energy (left hand)
 v - a ring of magical power
 z - the ring "Kiotee" (right hand) {Wiz Str+4 Int+5}
   (You acquired it on level 4 of the Dungeon)

   [ring of wizardry]

   It improves your spell success rate.
   Str:       It affects your strength (+4).
   Int:       It affects your intelligence (+5).
 B - an amulet of magic regeneration (around neck)
 C - a ring of protection from cold
Wands
 q - a wand of light (11)
 s - a wand of flame (4)
 w - a wand of polymorph (8)
Scrolls
 h - a scroll of poison
 i - a scroll of teleportation
Potions
 b - a potion of magic
 c - a potion of attraction
 d - 2 potions of might
 e - 2 potions of curing
 k - 3 potions of heal wounds
 n - a potion of mutation {unknown}
 t - a potion of lignification {unknown}


   Skills:
 * Level 2.0 Maces & Flails
 + Level 2.6 Dodging
 + Level 2.5 Stealth
 + Level 2.7 Spellcasting
 * Level 5.2 Necromancy


You had 3 spell levels left.
You knew the following spells:

 Your Spells              Type           Power      Damage    Failure   Level
a - Necrotise             Necr           100%       1d9       1%          1
b - Sublimation of Blood  Necr           25%        N/A       1%          2
c - Vampiric Draining     Necr           25%        2d7       1%          3

Your spell library contained the following spells:

 Spells                   Type           Power      Damage    Failure   Level
 Ensorcelled Hibernation  Hex/Ice        4%         N/A       9%          2
 Passwall                 Tmut/Erth      1%         N/A       9%          2
 Wereblood                Tmut           2%         N/A       9%          2
 Ignite Poison            Fire/Tmut/Pois 2%         N/A       16%         3
 Mephitic Cloud           Conj/Pois/Air  2%         N/A       16%         3
 Swiftness                Air            2%         N/A       16%         3
 Tukima's Dance           Hex            2%         N/A       16%         3
 Animate Dead             Necr           25%        N/A       6%          4
 Agony                    Necr           25%        N/A       17%         5
 Passage of Golubria      Tloc           2%         N/A       45%         4
 Freezing Cloud           Conj/Ice/Air   1%         6-21      80%         5
 Yara's Violent Unravell  Hex/Tmut       1%         3d3       80%         5
 Summon Hydra             Summ           1%         N/A       100%        7


Dungeon Overview and Level Annotations

Branches:
Dungeon (5/15)             Temple (1/1) D:4

Altars:
Ashenzari
Cheibriados
Dithmenos
Gozag
Hepliaklqana
Makhleb
Nemelex Xobeh
Okawaru
Qazlal
Ru
Sif Muna
Trog
Uskayaw
Wu Jian
Xom
Yredelemnul


Innate Abilities, Weirdness & Mutations

You have large cloven feet.
You are mostly covered in molten scales. (AC +3)


Message History

You climb downwards.
There is a stone staircase leading up here.
Found an iron altar of Okawaru.
Found a potion of heal wounds.
An ogre comes into view. It is wielding a +0 giant club.
The ogre shouts!
k - 3 potions of heal wounds (gained 1)
An ogre is nearby!
Casting: Necrotise (safe; 1% risk of failure)
Confirm with . or Enter, or press ? or * to list all spells.
Aiming: Necrotise (safe; 1% risk of failure)
Press: ? - help, Shift-Dir - straight line, f - ogre
Aim: an ogre, wielding a +0 giant club (chance to affect: 83%)
The ogre writhes in agony!
Casting: Necrotise (safe; 1% risk of failure)
Confirm with . or Enter, or press ? or * to list all spells.
Okay, then.
Casting: Necrotise (safe; 1% risk of failure)
Confirm with . or Enter, or press ? or * to list all spells.
Aiming: Necrotise (safe; 1% risk of failure)
Press: ? - help, Shift-Dir - straight line, f/p - ogre
Aim: an ogre, wielding a +0 giant club (moderately wounded, chance to affect: 83%)
The ogre barely resists.
Casting: Necrotise (safe; 1% risk of failure)
Confirm with . or Enter, or press ? or * to list all spells.
Aiming: Necrotise (safe; 1% risk of failure)
Press: ? - help, Shift-Dir - straight line, f/p - ogre
Aim: an ogre, wielding a +0 giant club (moderately wounded, chance to affect: 83%)
The ogre writhes in agony.
Casting: Necrotise (safe; 1% risk of failure)
Confirm with . or Enter, or press ? or * to list all spells.
Aiming: Vampiric Draining (safe; 1% risk of failure)
Press: ? - help, Shift-Dir - straight line, f/p - ogre
Aim: an ogre, wielding a +0 giant club (heavily wounded)
You draw life force from the ogre!
The ogre hits you with a +0 giant club!
You barely miss the ogre.
The ogre is almost dead.
The ogre hits you with a +0 giant club!!
Ouch! That really hurt!
You die...

#.. #.. ##
#.#....§... .#
#.#.≈≈≈§§≈≈.# .#
#.#≈O.≈≈§§§≈# .#
#.#≈§§§.§§§≈# .
#.#≈§≈.§.§.§######
#@#≈§≈...≈.≈##....
#O#§§.≈§§..≈##.###
#.#.≈≈§≈≈≈≈.##.# #
#.#......§..##.# #
#..#########...# #
#### #####


You could see an ogre.

Vanquished Creatures
  Ijyb (D:3)
  4 adders
  4 gnolls (D:3)
  An ufetubus (D:4)
  2 worms
  4 dart slugs
  3 orcs
  4 ball pythons
  An endoplasm (D:4)
  3 giant cockroaches
  2 hobgoblins (D:1)
  2 quokkas
  5 bats
  3 frilled lizards
  4 goblins
  6 kobolds
  4 rats
53 creatures vanquished.

Vanquished Creatures (collateral kills)
  2 ball pythons
2 creatures vanquished.

Grand Total: 55 creatures vanquished

Notes
Turn   | Place    | Note
-------+----------+-------------------------------------------
     0 | D:1      | booth the Demonspawn Necromancer began the quest for the
                  | Orb.
     0 | D:1      | Reached XP level 1. HP: 13/13 MP: 3/3
   301 | D:1      | Gained mutation: You have large cloven feet. [demonic
                  | ancestry]
   301 | D:1      | Reached XP level 2. HP: 19/19 MP: 1/5
  1447 | D:2      | Gained mutation: You are partially covered in molten
                  | scales. (AC +2) [demonic ancestry]
  1447 | D:2      | Reached XP level 3. HP: 20/24 MP: 6/6
  1800 | D:2      | Learned a level 2 spell: Sublimation of Blood
  1804 | D:2      | Learned a level 3 spell: Vampiric Draining
  2112 | D:2      | Reached skill level 1 in Maces & Flails
  2798 | D:3      | Reached XP level 4. HP: 27/30 MP: 4/7
  2969 | D:3      | Noticed Ijyb
  3113 | D:3      | Reached skill level 5 in Necromancy
  3355 | D:3      | Killed Ijyb
  3356 | D:3      | Gained mutation: You are mostly covered in molten scales.
                  | (AC +3) [demonic ancestry]
  3356 | D:3      | Reached XP level 5. HP: 28/35 MP: 1/8
  3875 | D:4      | Found a staircase to the Ecumenical Temple.
  3909 | Temple   | Entered the Ecumenical Temple
  4658 | D:4      | Identified a scroll of acquirement
  4658 | D:4      | Acquired the ring "Kiotee" {Wiz Str+4 Int+5}
  4810 | D:5      | Entered Level 5 of the Dungeon
  4860 | D:5      | Found an iron altar of Okawaru.
  4871 | D:5      | Noticed an ogre
  4884 | D:5      | Mangled by an ogre

Illustrated notes

Levels and vault maps discovered:
D:1:      lightli_arrival_quake, layout_loops_ring, chequers_arboretum
D:2:      minmay_skewed_foursquare, layout_basic
D:3:      layout_loops_ring, uniq_ijyb
D:4:      layout_loops_ring, minmay_temple_entry_grid
D:5:      layout_cave_pods, grunt_temple_overflow_open,
          mainiacjoe_overflow_paths, gammafunk_ghost_nasty_kobolds,
          serial_undead, serial_undead_b, serial_undead_b, serial_undead_a,
          serial_undead_d, serial_undead_e, serial_undead_b,
          hangedman_decor_riveting
Temple:   minmay_temple_bridge_d

Skill      XL: |  1  2  3  4  5 |
---------------+----------------+-----
Stealth        | 2 |  2.5
Dodging        | 2 |  2.6
Maces & Flails | 1 2 |  2.0
Necromancy     | 5 |  5.2
Spellcasting   | |  2.7

Action                   |  1- 3 |  4- 6 || total
-------------------------+-------+-------++-------
Melee: Unarmed           |     5 |       ||     5
       Punch             |     2 |       ||     2
       Mace              |    63 |    38 ||   101
       Kick              |    10 |    11 ||    21
Throw: Dart              |    10 |     5 ||    15
       Boomerang         |       |     2 ||     2
 Cast: Necrotise         |    43 |    28 ||    71
       Vampiric Draining |     1 |     1 ||     2
Evoke: Wand              |       |     1 ||     1
  Use: Scroll            |     7 |     6 ||    13
       Potion            |       |     3 ||     3
 Stab: Sleeping          |     1 |     2 ||     3
Armor: Robe              |    28 |    17 ||    45
Dodge: Dodged            |    54 |    37 ||    91
